AoeStats
← Infadel

Arabia

508998724Analyzed
1v1 RM · 7d ago on Sep 25, 2026· 43m 26s· 2 players
Game mode
Random Map
Map size
Tiny (2 player)
Population
200
Speed
Normal
Resources
Standard
Victory
Conquest
Starting age
Dark Age
Ending age
Imperial Age
RankedLock teamsTeams togetherTeam positionsShared explorationLock speedFull tech treeHidden civsTurbo modeCheats
Victory
Defeat
🇮🇳 Mongols · India
1084
+17
🇨🇱 Magyars · Chile
1095
-17
Infadel
7:25 Loom
9:32 Feudal Age
10:44 Double-Bit Axe
14:07 Double-Bit Axe
18:35 Fletching
22:51 Stone Mining
22:51 Gold Mining
25:16 Castle Age
25:38 Elite Skirmisher
26:42 Bodkin Arrow
27:43 Padded Archer Armor
28:03 Forging
28:08 Bow Saw
30:50 Scale Barding Armor
32:49 Stone Shaft Mining
33:11 Wheelbarrow
32:21 Town Watch
33:02 Town Watch
34:11 Leather Archer Armor
40:07 Imperial Age
39:21 Bloodlines
39:53 Horse Collar
40:40 Ballistics
41:52 Chain Barding Armor
44:15 Iron Casting
43:04 Heavy Camel Rider
jdv
6:37 Loom
10:20 Feudal Age
10:27 Man-at-Arms
14:57 Wheelbarrow
18:22 Town Watch
22:24 Castle Age
21:24 Scale Mail Armor
25:00 Scale Barding Armor
26:18 Bloodlines
30:08 Chain Barding Armor
30:35 Chain Barding Armor
33:11 Double-Bit Axe
33:07 Horse Collar
37:27 Town Patrol
40:27 Imperial Age
40:38 Hand Cart
40:14 Pikeman
41:11 Chain Mail Armor
42:22 Plate Barding Armor
41:15 Cavalier
Connection lost

Rejoining the realm…

Still unreachable

The connection could not be restored.

Session expired

The server has moved on; the page needs a fresh start.